[Event "GambitGuide"]
[Site "Internet Chess Club"]
[Date "2014.10.31"]
[Round "1"]
[White "JSBach"]
[Black "GFranco"]
[Result "1-0"]
[ICCResult "Black resigns"]
[WhiteElo "1707"]
[BlackElo "1634"]
[Opening "Vienna: `Frankenstein-Dracula' variation"]
[ECO "C27"]
[NIC "VG.02"]
[Time "14:24:54"]
[TimeControl "120+12"]

1. e4 e5 2. Nc3 Nf6 3. Bc4 Nxe4 4. Qh5 Nd6 5. Bb3 Nc6 6. Nb5 g6 7. Qf3 f5 8.
Qd5 Qe7 9. Nxc7+ Kd8 10. Nxa8 b6 11. d3 Bb7 12. Nxb6 axb6 13. Qf3 Nd4 14.
Qh3 h5 15. Be3 f4 16. Bxd4 exd4+ 17. Kf1 Nf5 18. Ne2 Bh6 19. Re1 Re8 20. f3
Qe3 21. Bf7 Re7 22. Bxg6 Ng3+ 23. hxg3 Bxf3 24. gxf3 Qxf3+ 25. Kg1 fxg3 26.
Qxg3 Be3+ 27. Kh2 {Black resigns} 1-0

[Event "GambitGuide"]
[Site "Internet Chess Club"]
[Date "2014.10.31"]
[Round "1"]
[White "JSBach"]
[Black "DanJE"]
[Result "1-0"]
[ICCResult "Black checkmated"]
[WhiteElo "1707"]
[BlackElo "1262"]
[Opening "Vienna: `Frankenstein-Dracula' variation"]
[ECO "C27"]
[NIC "VG.02"]
[Time "14:25:13"]
[TimeControl "120+12"]

1. e4 e5 2. Nc3 Nf6 3. Bc4 Nxe4 4. Qh5 Nd6 5. Bb3 Nc6 6. Nb5 g6 7. Qf3 f5 8.
Qd5 Qe7 9. Nxc7+ Kd8 10. Nxa8 b6 11. d3 e4 12. dxe4 Nxe4 13. Be3 Qf6 14.
O-O-O Be7 15. Re1 Re8 16. Nxb6 Nb4 17. Qb5 Ba6 18. Qxd7# {Black checkmated}
1-0

[Event "GambitGuide"]
[Site "Internet Chess Club"]
[Date "2014.10.31"]
[Round "1"]
[White "JSBach"]
[Black "chips"]
[Result "1-0"]
[ICCResult "Black resigns"]
[WhiteElo "1707"]
[BlackElo "1040"]
[Opening "Vienna: `Frankenstein-Dracula' variation"]
[ECO "C27"]
[NIC "VG.02"]
[Time "14:23:42"]
[TimeControl "120+12"]

1. e4 e5 2. Nc3 Nf6 3. Bc4 Nxe4 4. Qh5 Nd6 5. Bb3 Nc6 6. Nb5 g6 7. Qf3 f5 8.
Qd5 Qe7 9. Nxc7+ Kd8 10. Nxa8 b6 11. d3 Bb7 12. Nxb6 axb6 13. Qf3 Bg7 14.
Be3 Kc7 15. Bd5 Nb4 16. Bxb6+ Kxb6 17. Qe3+ Kc7 18. Qc5+ Bc6 19. Qxb4 Bxd5
20. Qa5+ Kc8 21. Qxd5 Qe6 22. Qxe6 dxe6 23. c3 Nb5 24. a4 Nd6 25. b4 e4 26.
d4 Rd8 27. b5 Kb7 28. h4 Kb6 29. Ke2 Nc4 30. h5 e5 31. hxg6 hxg6 32. Rh7 Bf6
33. Rf7 Rd6 34. d5 Bg5 35. g4 fxg4 36. Rd1 e3 37. Rf8 Kc7 38. Rf7+ Kb6 39.
Rf8 Kc7 40. Rf7+ Kb6 41. Rd3 exf2 42. Kxf2 Rf6+ 43. Rxf6+ Bxf6 44. Rd1 Nb2
45. Ra1 e4 46. Ke3 Bxc3 47. Kxe4 Kc5 48. Ne2 Bb4 49. Rc1+ Kd6 50. Rc6+ Kd7
51. Rxg6 Nxa4 52. Ke5 Bc3+ 53. Nxc3 Nxc3 54. Rg7+ Ke8 55. b6 Nb5 56. b7
{Black resigns}
1-0

[Event "GambitGuide"]
[Site "Internet Chess Club"]
[Date "2014.10.31"]
[Round "1"]
[White "JSBach"]
[Black "nsideurheadbro"]
[Result "1-0"]
[ICCResult "Black checkmated"]
[WhiteElo "1707"]
[BlackElo "1184"]
[Opening "Vienna: `Frankenstein-Dracula' variation"]
[ECO "C27"]
[NIC "VG.02"]
[Time "14:26:01"]
[TimeControl "120+12"]

1. e4 e5 2. Nc3 Nf6 3. Bc4 Nxe4 4. Qh5 Nd6 5. Bb3 Nc6 6. Nb5 g6 7. Qf3 f5 8.
Qd5 Qe7 9. Nxc7+ Kd8 10. Nxa8 b6 11. d3 Bb7 12. Nxb6 axb6 13. Qf3 e4 14.
dxe4 Nxe4 15. Be3 Ne5 16. Bxb6+ Kc8 17. Qe3 Ng5 18. Kf1 Ng4 19. Qc3+ Kb8 20.
Qxh8 Nf6 21. Bd4 Ba6+ 22. c4 Kb7 23. Bxf6 Qb4 24. Bxg5 Bc5 25. Qg8 d5 26.
Qxh7+ Kb6 27. Bd8+ Kc6 28. Qc7# {Black checkmated} 1-0

[Event "GambitGuide"]
[Site "Internet Chess Club"]
[Date "2014.10.31"]
[Round "1"]
[White "JSBach"]
[Black "DOXDURAN"]
[Result "1-0"]
[ICCResult "Black resigns"]
[WhiteElo "1707"]
[BlackElo "1600"]
[Opening "Vienna: `Frankenstein-Dracula' variation"]
[ECO "C27"]
[NIC "VG.02"]
[Time "14:24:47"]
[TimeControl "120+12"]

1. e4 e5 2. Nc3 Nf6 3. Bc4 Nxe4 4. Qh5 Nd6 5. Bb3 Nc6 6. Nb5 g6 7. Qf3 f5 8.
Qd5 Qe7 9. Nxc7+ Kd8 10. Nxa8 b6 11. d3 Bb7 12. Nxb6 axb6 13. Qf3 Nd4 14.
Qg3 f4 15. Qg4 Nxb3 16. axb3 Qe6 17. Qxe6 dxe6 18. f3 Kc7 19. b4 Bg7 20. Bd2
Ra8 21. Rxa8 Bxa8 22. Kf2 Nf5 23. Ne2 Bf8 24. Ra1 Bb7 25. Bc3 Bd6 26. Bd2
Nd4 27. Rc1 Nc6 28. b5 Nd4 29. c4 Nb3 30. Rd1 Nxd2 31. Rxd2 Bb4 32. Rd1 Bc5+
33. d4 exd4 34. Nxf4 Kd6 35. b4 e5 36. Nd3 e4 37. bxc5+ bxc5 38. fxe4 Bxe4
39. g3 Bf5 40. Kf3 h5 41. Kf4 Bg4 42. Ra1 {Black resigns} 1-0

[Event "GambitGuide"]
[Site "Internet Chess Club"]
[Date "2014.10.31"]
[Round "1"]
[White "JSBach"]
[Black "DanJE"]
[Result "1-0"]
[ICCResult "Black resigns"]
[WhiteElo "1707"]
[BlackElo "1262"]
[Opening "Vienna: `Frankenstein-Dracula' variation"]
[ECO "C27"]
[NIC "VG.02"]
[Time "14:27:16"]
[TimeControl "120+12"]

1. e4 e5 2. Nc3 Nf6 3. Bc4 Nxe4 4. Qh5 Nd6 5. Bb3 Nc6 6. Nb5 g6 7. Qf3 f5 8.
Qd5 Qe7 9. Nxc7+ Kd8 10. Nxa8 b6 11. d3 Bb7 12. Nxb6 axb6 13. Qf3 e4 14. Qe3
Bh6 15. Qxb6+ Ke8 16. Bxh6 exd3+ 17. Kf1 d2 18. Rd1 Qe5 19. Rxd2 Nd4 20.
Rxd4 {Black resigns} 1-0

[Event "GambitGuide"]
[Site "Internet Chess Club"]
[Date "2014.10.31"]
[Round "1"]
[White "JSBach"]
[Black "BFavre"]
[Result "0-1"]
[ICCResult "White checkmated"]
[WhiteElo "1707"]
[BlackElo "1564"]
[Opening "Vienna: `Frankenstein-Dracula' variation"]
[ECO "C27"]
[NIC "VG.02"]
[Time "14:26:25"]
[TimeControl "120+12"]

1. e4 e5 2. Nc3 Nf6 3. Bc4 Nxe4 4. Qh5 Nd6 5. Bb3 Nc6 6. Nb5 g6 7. Qf3 f5 8.
Qd5 Qe7 9. Nxc7+ Kd8 10. Nxa8 b6 11. d3 Bb7 12. Nxb6 axb6 13. Qf3 Nd4 14.
Qg3 Nxb3 15. axb3 Bg7 16. Be3 Kc7 17. Bd2 f4 18. Qg4 g5 19. Bb4 h5 20. Bxd6+
Kxd6 21. Qh3 g4 22. Ra7 gxh3 23. Ne2 Bxg2 24. Rg1 Rc8 25. Nc3 Ke6 26. Kd2
Bh6 27. Ke1 b5 28. d4 exd4 29. Ne2 Kf7 30. Kd1 f3 31. Nxd4 Qd6 32. Rxd7+
Qxd7 33. c3 b4 34. Ke1 bxc3 35. bxc3 Rxc3 36. Nxf3 Rxf3 37. Rxg2 hxg2 38.
Ke2 g1=Q 39. Kxf3 Qd5+ 40. Ke2 Qg4+ 41. f3 Qgxf3+ 42. Ke1 Qdd1#
{White checkmated}
0-1

[Event "GambitGuide"]
[Site "Internet Chess Club"]
[Date "2014.10.31"]
[Round "1"]
[White "JSBach"]
[Black "nsideurheadbro"]
[Result "1-0"]
[ICCResult "Black resigns"]
[WhiteElo "1708"]
[BlackElo "1184"]
[Opening "Vienna: `Frankenstein-Dracula' variation"]
[ECO "C27"]
[NIC "VG.02"]
[Time "14:28:27"]
[TimeControl "120+12"]

1. e4 e5 2. Nc3 Nf6 3. Bc4 Nxe4 4. Qh5 Nd6 5. Bb3 Nc6 6. Nb5 g6 7. Qf3 f5 8.
Qd5 Qe7 9. Nxc7+ Kd8 10. Nxa8 b6 11. d3 Bb7 12. Nxb6 axb6 13. Qf3 Nd4 14.
Qh3 Nxb3 15. axb3 f4 16. Nf3 Bg7 17. Ra7 Rf8 18. Qxh7 e4 19. Nd2 exd3+ 20.
Kf1 dxc2 21. Qxg6 Rf5 22. Rxb7 Nxb7 23. Qxf5 Qb4 24. Qxc2 Qb5+ 25. Nc4 d5
26. Qd3 Kc7 27. Bxf4+ Kc8 28. Qxd5 Qxd5 29. Nxb6+ Kd8 30. Nxd5 Nc5 31. b4
Nd3 32. b3 Kd7 33. Ke2 Nxf4+ 34. Nxf4 {Black resigns} 1-0

[Event "GambitGuide"]
[Site "Internet Chess Club"]
[Date "2014.10.31"]
[Round "1"]
[White "JSBach"]
[Black "GFranco"]
[Result "0-1"]
[ICCResult "White checkmated"]
[WhiteElo "1708"]
[BlackElo "1634"]
[Opening "Vienna: `Frankenstein-Dracula' variation"]
[ECO "C27"]
[NIC "VG.02"]
[Time "14:26:57"]
[TimeControl "120+12"]

1. e4 e5 2. Nc3 Nf6 3. Bc4 Nxe4 4. Qh5 Nd6 5. Bb3 Nc6 6. Nb5 g6 7. Qf3 f5 8.
Qd5 Qe7 9. Nxc7+ Kd8 10. Nxa8 b6 11. d3 Bb7 12. Nxb6 axb6 13. Qf3 Nd4 14.
Qg3 f4 15. Qg4 Bh6 16. Ba4 b5 17. Bb3 e4 18. Kf1 exd3 19. cxd3 Re8 20. Bxf4
Bxf4 21. Qxf4 Ne2 22. Qd2 Nxg1 23. Qa5+ Kc8 24. Rc1+ Kb8 25. Qc7+ Ka7 26.
Qa5+ Kb8 27. Kxg1 Nc4 28. dxc4 Qg5 29. f3 Qxc1+ 30. Kf2 Qxh1 31. cxb5 Qxh2
32. Qd2 Qh4+ 33. Kf1 Qe7 34. a4 d5 35. b6 Ba6+ 36. Kg1 Qe3+ 37. Qxe3 Rxe3
38. Bxd5 Rd3 39. Bg8 h6 40. b4 Rd4 41. b5 Bb7 42. Bb3 Rb4 43. Bc2 Bd5 44.
Bxg6 Rxa4 45. Bf5 Rb4 46. Bd7 Bc4 47. Kh2 Bxb5 48. Be6 Bc4 49. Bxc4 Rxc4 50.
f4 Kb7 51. Kh3 Kxb6 52. g3 Kc6 53. Kg4 Kd6 54. Kh5 Ke6 55. Kxh6 Kf5 56. Kh5
Rc8 57. g4+ Kxf4 58. Kg6 Kxg4 59. Kf6 Rc5 60. Ke6 Kf4 61. Kd6 Rh5 62. Kc6
Ke4 63. Kd7 Ke5 64. Kc7 Rh6 65. Kd7 Rg6 66. Kc7 Kd5 67. Kd8 Ke6 68. Kc7 Kd5
69. Kd7 Rg7+ 70. Kd8 Ke6 71. Kc8 Kd6 72. Kb8 Kc6 73. Ka8 Kb6 74. Kb8 Rg8#
{White checkmated}
0-1

[Event "GambitGuide"]
[Site "Internet Chess Club"]
[Date "2014.10.31"]
[Round "1"]
[White "JSBach"]
[Black "Attalus"]
[Result "1-0"]
[ICCResult "Black checkmated"]
[WhiteElo "1708"]
[BlackElo "1325"]
[Opening "Vienna: `Frankenstein-Dracula' variation"]
[ECO "C27"]
[NIC "VG.02"]
[Time "14:26:17"]
[TimeControl "120+12"]

1. e4 e5 2. Nc3 Nf6 3. Bc4 Nxe4 4. Qh5 Nd6 5. Bb3 Nc6 6. Nb5 g6 7. Qf3 f5 8.
Qd5 Qe7 9. Nxc7+ Kd8 10. Nxa8 b6 11. d3 Qe6 12. Qxe6 dxe6 13. f3 Nd4 14.
Bg5+ Be7 15. Bxe7+ Kxe7 16. Ba4 b5 17. Bb3 Kd7 18. c3 Nxb3 19. axb3 Bb7 20.
Nc7 Kxc7 21. Rxa7 Kb6 22. Ra1 e4 23. dxe4 fxe4 24. Ke2 exf3+ 25. Nxf3 Bxf3+
26. gxf3 Rf8 27. Rhf1 Rf4 28. Rfd1 Nb7 29. Rd7 h5 30. h3 g5 31. Rd2 g4 32.
fxg4 hxg4 33. hxg4 Rxg4 34. Kf3 Rg5 35. c4 b4 36. Rad1 Nc5 37. Rd6+ Kc7 38.
Kf4 Rg2 39. Ke5 Rxb2 40. Re1 Rxb3 41. Red1 Rc3 42. R6d4 b3 43. R1d2 Rc2 44.
Rd1 b2 45. Rg4 Rc1 46. Rg7+ Kc6 47. Rd6# {Black checkmated} 1-0

[Event "GambitGuide"]
[Site "Internet Chess Club"]
[Date "2014.10.31"]
[Round "1"]
[White "JSBach"]
[Black "BFavre"]
[Result "1-0"]
[ICCResult "Black resigns"]
[WhiteElo "1708"]
[BlackElo "1564"]
[Opening "Vienna: `Frankenstein-Dracula' variation"]
[ECO "C27"]
[NIC "VG.02"]
[Time "14:29:54"]
[TimeControl "120+12"]

1. e4 e5 2. Nc3 Nf6 3. Bc4 Nxe4 4. Qh5 Nd6 5. Bb3 Nc6 6. Nb5 g6 7. Qf3 f5 8.
Qd5 Qe7 9. Nxc7+ Kd8 10. Nxa8 b6 11. d3 Bb7 12. Nxb6 axb6 13. Qf3 g5 14. Qe3
Kc7 15. Qxg5 Qxg5 16. Bxg5 Bg7 17. Bd5 h6 18. Bd2 e4 19. dxe4 fxe4 20. c3
Ne5 21. Bxb7 Kxb7 22. Ke2 Rf8 23. Rd1 Nd3 24. Be1 Nc4 25. b3 Nxe1 26. Rxd7+
Kc6 27. Rxg7 {Black resigns} 1-0

[Event "GambitGuide"]
[Site "Internet Chess Club"]
[Date "2014.10.31"]
[Round "1"]
[White "JSBach"]
[Black "fearlessone"]
[Result "1-0"]
[ICCResult "Black resigns"]
[WhiteElo "1708"]
[BlackElo "1812"]
[Opening "Vienna: `Frankenstein-Dracula' variation"]
[ECO "C27"]
[NIC "VG.02"]
[Time "14:27:06"]
[TimeControl "120+12"]

1. e4 e5 2. Nc3 Nf6 3. Bc4 Nxe4 4. Qh5 Nd6 5. Bb3 Nc6 6. Nb5 g6 7. Qf3 f5 8.
Qd5 Qe7 9. Nxc7+ Kd8 10. Nxa8 b6 11. d3 Bb7 12. Nxb6 axb6 13. Qf3 Bg7 14.
Be3 Nd4 15. Qh3 f4 16. Bxd4 exd4+ 17. Kf1 Re8 18. Qxh7 Qg5 19. f3 Nf5 20.
Kf2 Ne3 21. g3 fxg3+ 22. hxg3 Be5 23. Qh4 Bf6 24. Qxg5 Bxg5 25. Nh3 Bf6 26.
Bf7 Rf8 27. Bxg6 Nxc2 28. Rac1 Ne3 29. a3 Be5 30. Ng5 Bf6 31. Nh7 Rg8 32.
Be4 Be5 33. Bxb7 Bxg3+ 34. Ke2 Ke7 35. Rc8 {Black resigns} 1-0

[Event "GambitGuide"]
[Site "Internet Chess Club"]
[Date "2014.10.31"]
[Round "1"]
[White "JSBach"]
[Black "AlCapawn"]
[Result "1-0"]
[ICCResult "Black resigns"]
[WhiteElo "1708"]
[BlackElo "1459"]
[Opening "Vienna: `Frankenstein-Dracula' variation"]
[ECO "C27"]
[NIC "VG.02"]
[Time "14:31:01"]
[TimeControl "120+12"]

1. e4 e5 2. Nc3 Nf6 3. Bc4 Nxe4 4. Qh5 Nd6 5. Bb3 Nc6 6. Nb5 g6 7. Qf3 f5 8.
Qd5 Qe7 9. Nxc7+ Kd8 10. Nxa8 b6 11. d3 Bb7 12. Nxb6 axb6 13. Qf3 Kc7 14.
Bd2 Bg7 15. c3 Re8 16. Qh3 Bf6 17. Ne2 e4 18. d4 Na5 19. Ba4 Bc6 20. Bxc6
Nxc6 21. d5 Ne5 22. O-O Nd3 23. Rab1 h5 24. Qg3 Qg7 25. Nf4 Bg5 26. Qxg5
{Black resigns}
1-0

[Event "GambitGuide"]
[Site "Internet Chess Club"]
[Date "2014.10.31"]
[Round "1"]
[White "JSBach"]
[Black "nsideurheadbro"]
[Result "1-0"]
[ICCResult "Black resigns"]
[WhiteElo "1708"]
[BlackElo "1184"]
[Opening "Vienna: `Frankenstein-Dracula' variation"]
[ECO "C27"]
[NIC "VG.02"]
[Time "14:31:18"]
[TimeControl "120+12"]

1. e4 e5 2. Nc3 Nf6 3. Bc4 Nxe4 4. Qh5 Nd6 5. Bb3 Nc6 6. Nb5 g6 7. Qf3 f5 8.
Qd5 Qe7 9. Nxc7+ Kd8 10. Nxa8 b6 11. d3 Bb7 12. Nxb6 Nd4 13. Bg5 Qxg5 14.
Qxe5 Nxc2+ 15. Bxc2 axb6 16. Qxh8 Bxg2 17. Qxf8+ Kc7 18. h4 Qf4 19. Nh3 Qe5+
20. Kd2 Bxh1 21. Rxh1 {Black resigns} 1-0

[Event "GambitGuide"]
[Site "Internet Chess Club"]
[Date "2014.10.31"]
[Round "1"]
[White "JSBach"]
[Black "AlCapawn"]
[Result "1-0"]
[ICCResult "Black resigns"]
[WhiteElo "1708"]
[BlackElo "1459"]
[Opening "Vienna: `Frankenstein-Dracula' variation"]
[ECO "C27"]
[NIC "VG.02"]
[Time "14:32:00"]
[TimeControl "120+12"]

1. e4 e5 2. Nc3 Nf6 3. Bc4 Nxe4 4. Qh5 Nd6 5. Bb3 Nc6 6. Nb5 g6 7. Qf3 f5 8.
Qd5 Qe7 9. Nxc7+ Kd8 10. Nxa8 b6 11. d3 Bb7 12. Nxb6 axb6 13. Qf3 Kc7 14. c3
Bg7 15. Bd5 Re8 16. Qh3 h6 17. Bxh6 Bxh6 18. Qxh6 e4 19. d4 Qf6 20. Qf4 g5
21. Qe3 f4 22. Qh3 e3 23. f3 Ne7 24. Bxb7 Kxb7 25. Qxd7+ Ka6 26. Ne2 Nd5 27.
c4 Nb4 28. Qa4+ Kb7 29. Qxb4 {Black resigns} 1-0

[Event "GambitGuide"]
[Site "Internet Chess Club"]
[Date "2014.10.31"]
[Round "1"]
[White "JSBach"]
[Black "AlCapawn"]
[Result "1-0"]
[ICCResult "Black checkmated"]
[WhiteElo "1702"]
[BlackElo "1459"]
[Opening "Vienna: `Frankenstein-Dracula' variation"]
[ECO "C27"]
[NIC "VG.02"]
[Time "14:33:25"]
[TimeControl "120+12"]

1. e4 e5 2. Nc3 Nf6 3. Bc4 Nxe4 4. Qh5 Nd6 5. Bb3 Nc6 6. Nb5 g6 7. Qf3 f5 8.
Qd5 Qe7 9. Nxc7+ Kd8 10. Nxa8 b6 11. d3 Bb7 12. Nxb6 axb6 13. Qf3 Kc7 14.
Bd2 Nd4 15. Qg3 Nxb3 16. axb3 Bg7 17. Nf3 Re8 18. b4 e4 19. Bg5 Bf6 20. Bxf6
Qxf6 21. dxe4 Rxe4+ 22. Kf1 Re6 23. Ng5 Re7 24. c3 h6 25. Nf3 Bxf3 26. Qxf3
Qe6 27. Ra7+ Kb8 28. Qa8# {Black checkmated} 1-0

[Event "GambitGuide"]
[Site "Internet Chess Club"]
[Date "2014.10.31"]
[Round "1"]
[White "JSBach"]
[Black "Drunxican"]
[Result "1-0"]
[ICCResult "Black resigns"]
[WhiteElo "1702"]
[BlackElo "1518"]
[Opening "Vienna: `Frankenstein-Dracula' variation"]
[ECO "C27"]
[NIC "VG.02"]
[Time "14:34:25"]
[TimeControl "120+12"]

1. e4 e5 2. Nc3 Nf6 3. Bc4 Nxe4 4. Qh5 Nd6 5. Bb3 Nc6 6. Nb5 g6 7. Qf3 f5 8.
Qd5 Qe7 9. Nxc7+ Kd8 10. Nxa8 b6 11. d3 Bb7 12. Nxb6 axb6 13. Qf3 e4 14.
dxe4 Nd4 15. Qg3 Nxe4 16. Qb8+ Bc8 17. Qxb6+ Ke8 18. Qxd4 Bg7 19. Qe3 g5 20.
f3 {Black resigns} 1-0

[Event "GambitGuide"]
[Site "Internet Chess Club"]
[Date "2014.10.31"]
[Round "1"]
[White "JSBach"]
[Black "DanJE"]
[Result "1-0"]
[ICCResult "Black resigns"]
[WhiteElo "1702"]
[BlackElo "1262"]
[Opening "Vienna: `Frankenstein-Dracula' variation"]
[ECO "C27"]
[NIC "VG.02"]
[Time "14:30:30"]
[TimeControl "120+12"]

1. e4 e5 2. Nc3 Nf6 3. Bc4 Nxe4 4. Qh5 Nd6 5. Bb3 Nc6 6. Nb5 g6 7. Qf3 f5 8.
Qd5 Qe7 9. Nxc7+ Kd8 10. Nxa8 b6 11. d3 Ba6 12. Nf3 Bg7 13. Bg5 Bf6 14. Bxf6
Qxf6 15. Ba4 Nb4 16. Qb3 e4 17. Qxb4 exf3 18. gxf3 Re8+ 19. Kf1 Bb7 20. Nxb6
Bxf3 21. Nxd7 Be2+ 22. Kg2 Qg5+ 23. Kh3 Qh5+ 24. Qh4+ Qxh4+ 25. Kxh4 Nf7 26.
Bc6 g5+ 27. Kh3 g4+ 28. Kg3 f4+ 29. Kxf4 Nd6 30. Nc5 Rf8+ 31. Ke3 Bf3 32.
Ne6+ Ke7 33. Nxf8 Kxf8 34. Bxf3 {Black resigns} 1-0

[Event "GambitGuide"]
[Site "Internet Chess Club"]
[Date "2014.10.31"]
[Round "1"]
[White "JSBach"]
[Black "Drunxican"]
[Result "1-0"]
[ICCResult "Black resigns"]
[WhiteElo "1702"]
[BlackElo "1518"]
[Opening "Vienna: `Frankenstein-Dracula' variation"]
[ECO "C27"]
[NIC "VG.02"]
[Time "14:35:17"]
[TimeControl "120+12"]

1. e4 e5 2. Nc3 Nf6 3. Bc4 Nxe4 4. Qh5 Nd6 5. Bb3 Nc6 6. Nb5 g6 7. Qf3 f5 8.
Qd5 Qe7 9. Nxc7+ Kd8 10. Nxa8 b6 11. d3 Bb7 12. Nxb6 axb6 13. Qf3 e4 14.
dxe4 Nxe4 15. Be3 Bg7 16. Bxb6+ Kc8 17. Qe3 Re8 18. c3 g5 19. Rd1 f4 20. Qe2
Ne5 21. Bd5 Bxd5 22. Rxd5 Nc4 23. Qxc4+ {Black resigns} 1-0

[Event "GambitGuide"]
[Site "Internet Chess Club"]
[Date "2014.10.31"]
[Round "1"]
[White "JSBach"]
[Black "Ultratumba7"]
[Result "1-0"]
[ICCResult "Black resigns"]
[WhiteElo "1702"]
[BlackElo "1400"]
[Opening "Vienna: `Frankenstein-Dracula' variation"]
[ECO "C27"]
[NIC "VG.02"]
[Time "14:33:29"]
[TimeControl "120+12"]

1. e4 e5 2. Nc3 Nf6 3. Bc4 Nxe4 4. Qh5 Nd6 5. Bb3 Nc6 6. Nb5 g6 7. Qf3 f5 8.
Qd5 Qe7 9. Nxc7+ Kd8 10. Nxa8 b6 11. d3 Bb7 12. Nxb6 axb6 13. Qf3 Bg7 14.
Be3 Kc7 15. Bd5 Rf8 16. Rd1 e4 17. Qf4 h6 18. d4 g5 19. Qg3 f4 20. Bxf4 gxf4
21. Qc3 e3 22. Nf3 exf2+ 23. Kxf2 Ne4+ 24. Bxe4 Qxe4 25. Rhe1 Qd5 26. a3 Kb8
27. Kf1 Rc8 28. Qd3 Na5 29. Re7 Bf6 30. Re2 Nc4 31. Rb1 Ne3+ 32. Kg1 Rg8 33.
Rxe3 fxe3 34. Rf1 Bg5 35. c4 Qe6 36. Nxg5 Rxg5 37. Rf8+ Kc7 38. d5 Qe5 39.
Qe2 b5 40. Rf7 bxc4 41. Qxc4+ Kd6 42. Qb4+ Kxd5 43. Rxd7+ Ke6 44. Re7+ Kf6
45. Rxe5 Rxe5 46. Qxb7 e2 47. Qc6+ Kg5 48. Qc1+ Kf6 49. Qxh6+ Ke7 50. Qh4+
Ke6 51. Qe1 Kd5 52. h4 Ke4 53. Qxe2+ Kf5 54. g4+ {Black resigns} 1-0

[Event "GambitGuide"]
[Site "Internet Chess Club"]
[Date "2014.10.31"]
[Round "1"]
[White "JSBach"]
[Black "KingHarvest"]
[Result "1-0"]
[ICCResult "Black resigns"]
[WhiteElo "1702"]
[BlackElo "1541"]
[Opening "Vienna: `Frankenstein-Dracula' variation"]
[ECO "C27"]
[NIC "VG.02"]
[Time "14:36:04"]
[TimeControl "120+12"]

1. e4 e5 2. Nc3 Nf6 3. Bc4 Nxe4 4. Qh5 Nd6 5. Bb3 Nc6 6. Nb5 g6 7. Qf3 f5 8.
Qd5 Qe7 9. Nxc7+ Kd8 10. Nxa8 b6 11. d3 Bb7 12. Nxb6 axb6 13. Qf3 h5 14. Qg3
Qf6 15. Bg5 Be7 16. Bxf6 Bxf6 17. Qxg6 Rf8 18. Qh6 Nd4 19. Qxf8+ Kc7 20.
Qxf6 Bxg2 21. Qxe5 Bxh1 22. Qxd4 {Black resigns} 1-0

[Event "GambitGuide"]
[Site "Internet Chess Club"]
[Date "2014.10.31"]
[Round "1"]
[White "JSBach"]
[Black "Attalus"]
[Result "1-0"]
[ICCResult "Black resigns"]
[WhiteElo "1702"]
[BlackElo "1325"]
[Opening "Vienna: `Frankenstein-Dracula' variation"]
[ECO "C27"]
[NIC "VG.02"]
[Time "14:32:03"]
[TimeControl "120+12"]

1. e4 e5 2. Nc3 Nf6 3. Bc4 Nxe4 4. Qh5 Nd6 5. Bb3 Nc6 6. Nb5 g6 7. Qf3 f5 8.
Qd5 Qe7 9. Nxc7+ Kd8 10. Nxa8 b6 11. d3 Bb7 12. Nxb6 axb6 13. Qf3 Nd4 14.
Qg3 f4 15. Qg4 Bg7 16. Ba4 b5 17. Bb3 Rf8 18. Qh3 f3 19. g4 Bf6 20. Bh6 Bg7
21. Be3 e4 22. dxe4 Qxe4 23. Qxh7 Nxc2+ 24. Bxc2 Qxc2 25. Qxg7 Re8 26. Qf6+
Kc8 27. Qd4 Qc4 28. Qxd6 Rxe3+ 29. fxe3 f2+ 30. Kxf2 Qxg4 31. Rc1+ Bc6 32.
Rxc6+ dxc6 33. Qxc6+ Kd8 34. Qb6+ Kd7 35. Qxb5+ Ke6 36. Qb6+ Kf5 37. Qc5+
Ke6 38. Qc8+ {Black resigns} 1-0

[Event "GambitGuide"]
[Site "Internet Chess Club"]
[Date "2014.10.31"]
[Round "1"]
[White "JSBach"]
[Black "Ultratumba7"]
[Result "1-0"]
[ICCResult "Black resigns"]
[WhiteElo "1702"]
[BlackElo "1400"]
[Opening "Vienna: `Frankenstein-Dracula' variation"]
[ECO "C27"]
[NIC "VG.02"]
[Time "14:36:41"]
[TimeControl "120+12"]

1. e4 e5 2. Nc3 Nf6 3. Bc4 Nxe4 4. Qh5 Nd6 5. Bb3 Nc6 6. Nb5 g6 7. Qf3 f5 8.
Qd5 Qe7 9. Nxc7+ Kd8 10. Nxa8 b6 11. d3 Bb7 12. Nxb6 axb6 13. Qf3 h6 14. Qg3
g5 15. Be3 f4 16. Bxb6+ Kc8 17. Qf3 Nd4 18. Qh3 e4 19. Bxd4 exd3+ 20. Kf1
dxc2 21. Qc3+ Kb8 22. Bxh8 Ne4 23. Qxc2 d5 24. f3 Nc5 25. Re1 Qd6 26. Be5
{Black resigns}
1-0

[Event "GambitGuide"]
[Site "Internet Chess Club"]
[Date "2014.10.31"]
[Round "1"]
[White "JSBach"]
[Black "Drunxican"]
[Result "1-0"]
[ICCResult "Black resigns"]
[WhiteElo "1702"]
[BlackElo "1518"]
[Opening "Vienna: `Frankenstein-Dracula' variation"]
[ECO "C27"]
[NIC "VG.02"]
[Time "14:36:41"]
[TimeControl "120+12"]

1. e4 e5 2. Nc3 Nf6 3. Bc4 Nxe4 4. Qh5 Nd6 5. Bb3 Nc6 6. Nb5 g6 7. Qf3 f5 8.
Qd5 Qe7 9. Nxc7+ Kd8 10. Nxa8 b6 11. d3 Bb7 12. Nxb6 axb6 13. Qf3 Nd4 14.
Qh3 Bg7 15. Be3 f4 16. Bxd4 exd4+ 17. Kf1 Nf5 18. Ne2 Rf8 19. Nxf4 Ne3+ 20.
fxe3 dxe3 21. Qg4 g5 22. Kg1 Rxf4 23. Qe2 g4 24. Rf1 Rf2 25. Rxf2 exf2+ 26.
Qxf2 Bxb2 27. Qxb6+ Kc8 28. Kf1 Bc3 29. Kf2 Qf7+ 30. Bxf7 {Black resigns}
1-0

[Event "GambitGuide"]
[Site "Internet Chess Club"]
[Date "2014.10.31"]
[Round "1"]
[White "JSBach"]
[Black "fearlessone"]
[Result "0-1"]
[ICCResult "White checkmated"]
[WhiteElo "1702"]
[BlackElo "1812"]
[Opening "Vienna: `Frankenstein-Dracula' variation"]
[ECO "C27"]
[NIC "VG.02"]
[Time "14:31:43"]
[TimeControl "120+12"]

1. e4 e5 2. Nc3 Nf6 3. Bc4 Nxe4 4. Qh5 Nd6 5. Bb3 Nc6 6. Nb5 g6 7. Qf3 f5 8.
Qd5 Qe7 9. Nxc7+ Kd8 10. Nxa8 b6 11. d3 Bb7 12. Nxb6 axb6 13. Qf3 Bg7 14.
Be3 e4 15. dxe4 Nxe4 16. Bxb6+ Kc8 17. Qe3 Qb4+ 18. c3 Qe7 19. Rd1 Re8 20.
Bd5 Qf8 21. Bxc6 Bxc6 22. a3 Nf6 23. f3 Rxe3+ 24. Bxe3 Qe7 25. Kf2 Nd5 26.
Ba7 Kb7 27. Bd4 Bxd4+ 28. Rxd4 Qe3+ 29. Kg3 f4+ 30. Kh3 Qe6+ 31. Kh4 Qf6+
32. Kh3 Qf5+ 33. g4 fxg3+ 34. Kxg3 Nf6 35. a4 Nh5+ 36. Kh4 d5 37. Rb4+ Kc7
38. Nh3 Bd7 39. Ng5 Nf4 40. Nxh7 Qh3+ 41. Kg5 Ne6+ 42. Kxg6 Qg2+ 43. Kh6
Qxh1 44. h4 Qxf3 45. a5 d4 46. Rc4+ Kd8 47. Rxd4 Nxd4 48. cxd4 Qe3+ 49. Ng5
Qxd4 50. b3 Qxh4+ 51. Kg6 Be8+ 52. Kf5 Qf2+ 53. Ke5 Qb2+ 54. Kf5 Qxb3 55.
Ne6+ Ke7 56. Nf4 Qb5+ 57. Ke4 Qxa5 58. Nd5+ Kf8 59. Kd4 Qa4+ 60. Kc5 Bf7 61.
Nb6 Qc2+ 62. Kd6 Qd3+ 63. Kc5 Qc3+ 64. Kd6 Qd4+ 65. Kc6 Be8+ 66. Kc7 Qc5+
67. Kd8 Qxb6+ 68. Kc8 Qc6+ 69. Kb8 Ke7 70. Ka7 Kd6 71. Kb8 Qd7 72. Ka8 Kc6
73. Kb8 Qb7# {White checkmated} 0-1

[Event "GambitGuide"]
[Site "Internet Chess Club"]
[Date "2014.10.31"]
[Round "1"]
[White "JSBach"]
[Black "DanJE"]
[Result "1-0"]
[ICCResult "Black resigns"]
[WhiteElo "1702"]
[BlackElo "1262"]
[Opening "Vienna: `Frankenstein-Dracula' variation"]
[ECO "C27"]
[NIC "VG.02"]
[Time "14:36:03"]
[TimeControl "120+12"]

1. e4 e5 2. Nc3 Nf6 3. Bc4 Nxe4 4. Qh5 Nd6 5. Bb3 Nc6 6. Nb5 g6 7. Qf3 f5 8.
Qd5 Qe7 9. Nxc7+ Kd8 10. Nxa8 b6 11. d3 Nd4 12. h4 h6 13. f4 e4 14. Qxd4
exd3+ 15. Kf1 Ba6 16. cxd3 Bg7 17. Qa4 Bb7 18. Qxa7 Qf6 19. Nxb6 Qd4 20. Rh3
Re8 21. Rg3 Re1+ 22. Kxe1 Qxg1+ 23. Ke2 Bd4 24. Qb8+ Ke7 25. Be3 Bxb2 26.
Rxg1 {Black resigns} 1-0